 Dungeon Crawl Stone Soup version 0.17-a0-1711-gc5340a3 (webtiles) character file.

16667 kae the Scorcher (level 12, -13/59 HPs)
             Began as a Tengu Fire Elementalist on Aug 22, 2015.
             Was an Elder of Vehumet.
             Mangled by 4thArraOfDagon's ghost (26 damage)
             ... in an ice cave.
             The game lasted 00:45:32 (21940 turns).

kae the Scorcher (Tengu Fire Elementalist)         Turns: 21940, Time: 00:45:32

Health: -13/59     AC: 12    Str: 16    XL:     12   Next: 39%
Magic:  0/27       EV:  8    Int: 19    God:    Vehumet [****..]
Gold:   265        SH:  0    Dex: 16    Spells: 6 memorised, 15 levels left

rFire  + . .     SeeInvis .     I - staff of fire
rCold  + . .     Clarity  .     a - +0 robe
rNeg   . . .     SustAt   .     (no shield)
rPois  +         Gourm    .     l - +2 hat
rElec  .         Spirit   +     S - +5 cloak of Courage {rC+ Str+2}
rCorr  .         Warding  .     r - +1 pair of gloves
rMut   .         Stasis   .     (boots unavailable)
MR     .....                    A - amulet of guardian spirit
Stlth  +++.......               F - ring of stealth
                                e - ring of poison resistance

@: mighty, not resistant to hostile enchantments, fairly stealthy
A: beak, talons 3, able to fly 1
a: Fly, Renounce Religion


You were in an ice cave.
You worshipped Vehumet.
Vehumet was greatly pleased with you.
You were hungry.

You visited 3 branches of the dungeon, and saw 14 of its levels.
You also visited: Sewer and Ice Cave.

You collected 692 gold pieces.
You spent 427 gold pieces at shops.

Inventory:

Hand weapons
 d - a +4 halberd of flaming
 n - a +0 short sword
Armour
 a - a +0 robe (worn)
 l - a +2 hat (worn)
 r - a +1 pair of gloves (worn)
 S - the +5 cloak of Courage (worn) {rC+ Str+2}
   (You bought it in a shop on level 10 of the Dungeon)

   It affects your strength (+2).
   It protects you from cold.
 U - a +2 robe of cold resistance
Magical staves
 I - an uncursed staff of fire (weapon)
Jewellery
 e - a ring of poison resistance (left hand)
 g - an uncursed ring of see invisible
 A - an amulet of guardian spirit (around neck)
 E - an uncursed ring of protection from cold
 F - a ring of stealth (right hand)
 O - an uncursed ring of stealth
 T - an uncursed ring of ice
Magical devices
 h - a wand of disintegration (3)
 B - a wand of fireball (5)
 L - a wand of fire (6)
 N - a wand of random effects (19)
 P - a wand of draining (11)
 R - a wand of random effects (37)
 V - a wand of cold (9)
 W - a wand of slowing (14)
Scrolls
 j - a scroll of blinking
 p - 3 scrolls of identify
 s - a scroll of enchant weapon
 t - a scroll of immolation
 u - a scroll of recharging
 x - 2 scrolls of fear
 y - a scroll of noise
 C - 2 scrolls of magic mapping
 J - 4 scrolls of remove curse
Potions
 f - 4 potions of curing
 k - 3 potions of degeneration
 o - 3 potions of brilliance
 q - 3 potions of magic
 w - 2 potions of berserk rage
 z - a potion of heal wounds
 D - a potion of might
 G - 2 potions of agility
 H - 2 potions of resistance
Books
 b - a book of Flames

   Spells                             Type                      Level
   a - Flame Tongue                   Conjuration/Fire             1
   b - Throw Flame                    Conjuration/Fire             2
   c - Conjure Flame                  Conjuration/Fire             3
   d - Inner Flame                    Hexes/Fire                   3
   e - Sticky Flame                   Conjuration/Fire             4
   f - Fireball                       Conjuration/Fire             5
 Q - a book of Enchantments

   Spells                             Type                      Level
   a - Cause Fear                     Hexes                        4
   b - Silence                        Hexes/Air                    5
   c - Deflect Missiles               Charms/Air                   6
   d - Haste                          Charms                       6
   e - Discord                        Hexes                        8
Comestibles
 c - 13 bread rations
 i - 10 meat rations
 m - 14 beef jerkies
 v - 9 fruits
 K - 11 slices of pizza
 M - a royal jelly
 Y - 8 chunks of flesh


   Skills:
 - Level 2.1 Dodging
 - Level 2.0 Stealth
 + Level 10.0 Spellcasting
 - Level 12.0 Conjurations
 - Level 15.0 Fire Magic


You had 15 spell levels left.
You knew the following spells:

 Your Spells              Type           Power        Failure   Level  Hunger
a - Flame Tongue          Conj/Fire      #####        1%          1    None
b - Throw Flame           Conj/Fire      ######       1%          2    None
c - Conjure Flame         Conj/Fire      ######..     1%          3    None
d - Sticky Flame          Conj/Fire      ######..     1%          4    ##.....
e - Fireball              Conj/Fire      ######....   1%          5    #####..
f - Shock                 Conj/Air       ####         1%          1    None


Dungeon Overview and Level Annotations

Branches:
Dungeon (12/15)            Temple (1/1) D:6            Lair (1/8) D:9
    Orc (0/4) D:12

Altars:
Ashenzari
Cheibriados
Dithmenos
Elyvilon
Fedhas
Gozag
Kikubaaqudgha
Makhleb
Nemelex Xobeh
Okawaru
Qazlal
Ru
Sif Muna
Trog
Vehumet
Xom
Yredelemnul
Zin
The Shining One

Shops:
D:4 (   D:7 }   D:10 [   D:11 **}[

Annotations:
D:11 exclusion: salamander IceCv 4thArraOfDagon's ghost, experienced TrCK


Innate Abilities, Weirdness & Mutations

You have a beak for a mouth.
You have claws for feet.
You can fly.


Message History

Okay, then.
Unknown command.
You hit the yak.
The yak is heavily wounded. 4thArraOfDagon's ghost hits you!!
You hit the yak! You claw the yak, but do no damage. Your peck misses the yak.
The yak is heavily wounded. 4thArraOfDagon's ghost hits you!
The yak gores you but does no damage. 4thArraOfDagon's ghost hits you!
* * * LOW HITPOINT WARNING * * *
Unknown command.
Read which item? (? for menu, Esc to quit)
As you read the scroll of fear, it crumbles to dust.
You assume a fearsome visage.
The yak looks frightened!
The yak looks frightened! x2 4thArraOfDagon's ghost is unaffected. 4thArraOfDagon's ghost completely misses you.
Unknown command. 4thArraOfDagon's ghost hits you!!
You die...

####
#####.Y#
##.#..Y.@.#
#..†..∩WY##
........###
.###.#### #


You could see 3 yaks and 4thArraOfDagon's ghost.

Vanquished Creatures
  Fannar (D:10)
  The ghost of BobbyTwoHands the Carver, an experienced HESk of Elyvilon (Lair:1)
  3 hill giants
  Pikel (D:7)
  4 ugly things
  A cyclops (D:12)
  Maurice (D:8)
  A gargoyle (D:12)
  A komodo dragon (D:9)
  4 deep elf magi
  A wyvern (D:11)
  A human (D:7)
  5 yaks
  A basilisk (D:12)
  2 hogs (D:7)
  5 hippogriffs
  2 water moccasins (Lair:1)
  A soldier ant (D:12)
  A wolf (IceCv)
  5 orc warriors
  5 centaurs
  3 ice beasts
  A black bear (D:10)
  A swamp drake (D:12)
  7 sky beasts
  4 slaves (D:7)
  8 ogres
  6 phantoms
  2 big kobolds
  2 crocodiles
  7 giant frogs
  2 gnoll sergeants
  A wyvern skeleton (D:12)
  8 killer bees
  5 scorpions
  A wight (D:7)
  3 crimson imps
  2 centaur zombies (D:12)
  A quasit (D:8)
  7 hounds
  2 jellies
  4 giant frog zombies
  2 centaur skeletons
  4 giant frog skeletons
  7 orc priests
  18 orc wizards
  4 iguanas
  A sheep (D:7)
  6 worker ants
  2 hound skeletons (D:9)
  A worker ant zombie (D:5)
  19 gnolls
  6 river rats
  12 adders
  2 shadow imps
  12 white imps (Lair:1)
  7 worms
  7 giant geckos
  60 orcs
  11 giant cockroaches
  8 goblins
  13 hobgoblins
  8 jackals
  7 quokkas
  10 ball pythons
  17 bats
  A giant gecko skeleton (D:4)
  8 giant newts
  A jackal skeleton (D:5)
  26 kobolds
  2 quokka skeletons
  27 rats
  A fungus (D:4)
434 creatures vanquished.

Vanquished Creatures (others)
  An orc wizard (D:3)
  3 fungi
  2 plants (D:9)
6 creatures vanquished.

Grand Total: 440 creatures vanquished

Notes
Turn   | Place    | Note
--------------------------------------------------------------
     0 | D:1      | kae the Tengu Fire Elementalist began the quest for the Orb.
     0 | D:1      | Reached XP level 1. HP: 10/10 MP: 4/4
   241 | D:1      | Reached XP level 2. HP: 4/15 MP: 0/6
   466 | D:1      | Reached skill level 4 in Fire Magic
   857 | D:1      | Reached XP level 3. HP: 19/19 MP: 4/7
  1097 | D:2      | Learned a level 2 spell: Throw Flame
  1101 | D:2      | Learned a level 3 spell: Conjure Flame
  1235 | D:2      | Reached skill level 5 in Fire Magic
  1527 | D:2      | Reached XP level 4. HP: 20/24 MP: 2/8
  1602 | D:2      | Found a faded altar to an unknown god.
  2129 | D:2      | Reached skill level 6 in Fire Magic
  2177 | D:3      | Gained mutation: You can fly. [Tengu growth]
  2177 | D:3      | Reached XP level 5. HP: 28/28 MP: 7/9
  2630 | D:3      | Found a burning altar of Makhleb.
  2947 | D:3      | Found a deep blue altar of Sif Muna.
  3319 | D:3      | Reached skill level 7 in Fire Magic
  3483 | D:3      | Reached XP level 6. HP: 32/32 MP: 10/10
  4122 | D:4      | Reached skill level 8 in Fire Magic
  4357 | D:4      | Reached XP level 7. HP: 28/36 MP: 5/11
  4603 | D:4      | Found Qughynit's Weapon Boutique.
  4694 | D:4      | Found a stormy altar of Qazlal.
  5139 | D:4      | Reached skill level 9 in Fire Magic
  5280 | D:5      | Entered Level 5 of the Dungeon
  6164 | D:5      | Found an iron altar of Okawaru.
  6164 | D:5      | Found an opulent altar of Gozag.
  6291 | D:5      | Reached skill level 10 in Fire Magic
  6291 | D:5      | Reached XP level 8. HP: 38/41 MP: 3/12
  7368 | D:6      | Found a glowing drain.
  7471 | D:6      | Reached skill level 11 in Fire Magic
  7538 | Sewer    | Entered a sewer
  8673 | D:6      | Found a staircase to the Ecumenical Temple.
  8774 | Temple   | Entered the Ecumenical Temple
  8864 | Temple   | Became a worshipper of Vehumet
  9340 | D:6      | Reached skill level 12 in Fire Magic
  9942 | D:7      | Noticed Pikel
  9997 | D:7      | Killed Pikel
  9997 | D:7      | Reached skill level 13 in Fire Magic
  9997 | D:7      | Reached XP level 9. HP: 19/45 MP: 2/13
 10685 | D:7      | Found Letaluap's Quality Used Wands.
 10743 | D:7      | Noticed a deep elf mage
 10754 | D:7      | Killed a deep elf mage
 10897 | D:7      | Learned a level 4 spell: Sticky Flame
 11580 | D:7      | Reached skill level 14 in Fire Magic
 11981 | D:8      | Reached XP level 10. HP: 50/50 MP: 7/14
 12839 | D:8      | Acquired Vehumet's first power
 12839 | D:8      | Offered knowledge of Sting by Vehumet.
 12909 | D:8      | Found a blossoming altar of Fedhas.
 12951 | D:8      | Reached skill level 15 in Fire Magic
 13495 | D:8      | Noticed Maurice
 13505 | D:8      | Found a snail-covered altar of Cheibriados.
 14795 | D:8      | Killed Maurice
 14795 | D:8      | Reached skill level 5 in Conjurations
 15672 | D:9      | Offered knowledge of Shock by Vehumet.
 15672 | D:9      | Reached skill level 5 in Spellcasting
 15717 | D:9      | Learned a level 5 spell: Fireball
 15719 | D:9      | Learned a level 1 spell: Shock
 16191 | D:9      | Reached XP level 11. HP: 49/54 MP: 11/20
 16596 | D:9      | Offered knowledge of Throw Frost by Vehumet.
 16765 | D:9      | Found a staircase to the Lair.
 16923 | D:10     | Entered Level 10 of the Dungeon
 16946 | D:10     | Found Buirul Tagu's Antique Armour Shop.
 16954 | D:10     | Bought a faintly humming cloak for 304 gold pieces
 16964 | D:10     | Identified the +5 cloak of Courage {rC+ Str+2} (You bought it in a shop on level 10 of the Dungeon)
 17029 | D:10     | Noticed Fannar
 17038 | D:10     | Killed Fannar
 17652 | D:10     | Noticed a hill giant
 17671 | D:10     | Killed a hill giant
 17815 | D:11     | Noticed a hill giant
 18172 | D:11     | Found Suavyuma's Assorted Antiques.
 18179 | D:11     | Bought a smoky ruby potion for 15 gold pieces
 18179 | D:11     | Bought a scroll labeled XUCSEI TUCAT for 17 gold pieces
 18179 | D:11     | Bought a scroll labeled QIUXZI NINAZI for 17 gold pieces
 18179 | D:11     | Bought a scroll of identify for 34 gold pieces
 18224 | D:11     | Acquired Vehumet's second power
 18553 | D:11     | Reached skill level 10 in Conjurations
 18571 | D:11     | Found Ekil's Assorted Antiques.
 18754 | D:11     | Bought a scroll labeled IXAZICAMPU for 20 gold pieces
 18754 | D:11     | Bought a scroll labeled GOUCAO EPHAEPN for 20 gold pieces
 18851 | D:11     | Found Afazam's Gadget Shop.
 18913 | D:11     | Found Gipso's Armour Shoppe.
 19041 | D:11     | Noticed a hill giant
 19057 | D:11     | Killed a hill giant
 19116 | D:11     | Killed a hill giant
 19271 | D:11     | Offered knowledge of Iskenderun's Mystic Blast by Vehumet.
 20084 | D:12     | Reached XP level 12. HP: 45/59 MP: 1/25
 20648 | D:12     | Acquired Vehumet's third power
 20899 | D:12     | Found a staircase to the Orcish Mines.
 20938 | D:12     | Offered knowledge of Dazzling Spray by Vehumet.
 21586 | Lair:1   | Entered Level 1 of the Lair of Beasts
 21654 | Lair:1   | Noticed BobbyTwoHands's ghost (experienced HESk)
 21690 | Lair:1   | Killed BobbyTwoHands's ghost
 21902 | Lair:1   | Found a frozen archway.
 21919 | Lair:1   | Reached skill level 10 in Spellcasting
 21932 | IceCv    | Entered an ice cave
 21932 | IceCv    | Noticed 4thArraOfDagon's ghost (experienced TrCK)
 21940 | IceCv    | Mangled by 4thArraOfDagon's ghost

Vault maps used:
D:1:      scummos_arrival_forest, hangedman_decor_lopped,
          hangedman_decor_peaks_small
D:2:      ecumenical_altar_1
D:3:      overflow_temple_1_default, led_sif_book, first_bread,
          kennysheep_generic_room_12
D:4:      old_forge, kennysheep_little_box, serial_shops, shop_statue
D:5:      gammafunk_temple_overflow_pools, minmay_curled_crystal
D:6:      minmay_temple_entry_overgrown, portal_sewer_entry_b
D:7:      grunt_livestock, nicolae_for_you_no_charge, uniq_pikel
D:8:      lemuel_round_altar, fedhas_altar_2, uniq_maurice
D:9:      david_lair_shrubbed
D:10:     serial_shops, shop, uniq_fannar
D:11:     serial_shops, shop, shop, shop,
          nicolae_shop_temple_entry_statues_fountains
D:12:     erik_orc_1
Temple:   circular_temple_12
Lair:1:   portal_ice_cave_entry_imps, st_stairs_11
Sewer:    sewer_minmay_treatment
IceCv:    ice_cave_caverns_02

Action                   |  1- 3 |  4- 6 |  7- 9 | 10-12 || total
-------------------------+-------+-------+-------+-------++-------
Melee: Unarmed           |    11 |       |       |       ||    11
       Short sword       |    17 |    55 |       |       ||    72
       Halberd           |       |    59 |   137 |   156 ||   352
       Staff             |       |       |       |    36 ||    36
 Cast: Flame Tongue      |    51 |    77 |   282 |   569 ||   979
       Throw Flame       |     4 |    33 |    53 |    92 ||   182
       Conjure Flame     |       |     1 |    12 |    13 ||    26
       Sticky Flame      |       |       |     1 |    37 ||    38
       Fireball          |       |       |       |     2 ||     2
  Use: Scroll            |       |     7 |     6 |    21 ||    34
       Potion            |       |       |     6 |    11 ||    17
 Stab: Sleeping          |     2 |     9 |     3 |     3 ||    17
  Eat: Chunk             |     3 |    13 |    23 |    35 ||    74
       Fruit             |       |       |     6 |     5 ||    11
       Bread ration      |       |       |     1 |       ||     1
